 Dungeon Crawl Stone Soup version 0.18.1-8-gdd0e5ea (webtiles) character file.

467 jacquesderrida the Poker (level 6, -1/46 HPs)
             Began as a Demonspawn Skald on May 22, 2016.
             Slain by a hippogriff (2 damage)
             ... on level 7 of the Dungeon.
             The game lasted 00:08:55 (1864 turns).

jacquesderrida the Poker (Demonspawn Skald)         Turns: 1864, Time: 00:08:56

Health: -1/46      AC:  6    Str: 13    XL:     6   Next: 81%
Magic:  1/9        EV: 16    Int: 13    God:
Gold:   255        SH:  0    Dex: 19    Spells: 2 memorised, 5 levels left

rFire  . . .     SeeInvis .     a - +0 spear
rCold  . . .     Gourm    .     b - +0 leather armour
rNeg   + . .     Faith    .     (no shield)
rPois  .         Spirit   .     (helmet restricted)
rElec  .         Dismiss  .     h - +0 cloak
rCorr  .         Reflect  .     (no gloves)
SustAt .         Harm     .     (no boots)
MR     .....                    (no amulet)
Stlth  ++........               (no ring)
                                f - ring of positive energy

@: agile, very slightly contaminated, not resistant to hostile enchantments,
unstealthy
A: antennae 1, slimy green scales 1, powered by death 1
a: no special abilities


You were on level 7 of the Dungeon.
You were not hungry.

You visited 1 branch of the dungeon, and saw 7 of its levels.

You collected 255 gold pieces.

Inventory:

Hand Weapons
 a - a +0 spear (weapon)
 y - a +0 arbalest
Missiles
 r - 7 tomahawks (quivered)
Armour
 b - a +0 leather armour (worn)
 h - a +0 cloak (worn)
Jewellery
 f - a ring of positive energy (left hand)
Wands
 G - a wand of iceblast (3/15)
 H - a wand of lightning (0/15)
Scrolls
 k - a scroll of noise
 l - 2 scrolls of teleportation
 n - 7 scrolls of remove curse
 o - a scroll of fear {unknown}
 p - a scroll of recharging {unknown}
 q - 2 scrolls of enchant armour {unknown}
 t - 2 scrolls of magic mapping {unknown}
 w - 2 scrolls of enchant weapon {unknown}
 z - a scroll of blinking {unknown}
 B - a scroll of random uselessness {unknown}
 E - a scroll of fog {unknown}
Potions
 e - a potion of invisibility
 i - 2 potions of flight
 j - a potion of cure mutation {unknown}
 m - a potion of cancellation {unknown}
 u - 4 potions of lignification {unknown}
 v - 2 potions of curing {unknown}
 x - 2 potions of haste {unknown}
 A - a potion of might
 F - 2 potions of brilliance {unknown}
Books
 c - a book of Battle

   Spells                             Type                      Level
   a - Infusion                       Charms                       1
   b - Shroud of Golubria             Charms/Translocation         2
   c - Song of Slaying                Charms                       2
   d - Spectral Weapon                Hexes/Charms                 3
   e - Regeneration                   Charms/Necromancy            3
Comestibles
 d - 6 bread rations
 g - 6 meat rations
 C - 3 fruits
 D - 2 slices of pizza
 I - 2 chunks of flesh


   Skills:
 + Level 2.8 Fighting
 + Level 5.0 Polearms
 - Level 1.1 Armour
 - Level 0.8 Dodging
 - Level 2.2 Spellcasting
 + Level 3.6 Hexes
 - Level 3.0 Charms


You had 5 spell levels left.
You knew the following spells:

 Your Spells              Type           Power        Failure   Level  Hunger
a - Infusion              Chrm           #...         12%         1    ##.....
b - Spectral Weapon       Hex/Chrm       ##......     28%         3    ####...


Dungeon Overview and Level Annotations

Branches:
Dungeon (7/15)
 Temple: D:4-7

Altars:
Sif Muna
Yredelemnul
The Shining One

Shops:
D:5 :

Annotations:
D:4 Scarto's ghost, amateur DsBe
D:5 Duvessa


Innate Abilities, Weirdness & Mutations

You have a pair of small antennae on your head.
You are partially covered in slimy green scales (AC +2).
You regenerate a little health from kills.


Message History

The hippogriff misses you.
The hippogriff pecks you but does no damage.
The hippogriff closely misses you.
You barely miss the hippogriff.
The hippogriff is severely wounded.
Your spectral weapon hits the hippogriff but does no damage.
You catch the helpless hippogriff momentarily off-guard.
You hit the hippogriff.
The hippogriff is almost dead.
Your spectral weapon hits the hippogriff but does no damage.
The hippogriff barely misses you. The hippogriff pecks you.
* * * LOW HITPOINT WARNING * * *
The hippogriff claws you!
* * * LOW HITPOINT WARNING * * *
Drink which item? (? for menu, Esc to quit)
You feel agile all of a sudden. The hippogriff bites you.
* * * LOW HITPOINT WARNING * * *
The hippogriff pecks you.
You die...

#)######
#####.##...#####
#####..........[...#
#.......##.#...###.#
#.##...###.##.## ...
#. #.....#.##.# ##.#
#. ##..#.#.##.# .l.
#.###..#.#(##.###
...
#......(H@..<...#
..#
########.##.....#
..# #.##.....#
#.##.....#
#.##.....#
#.######## #.# #.#
..#


You could see a hippogriff and a friendly spectral spear.

Vanquished Creatures
  A phantom (D:7)
  An ogre (D:7)
  A giant frog (D:6)
  A giant frog zombie (D:7)
  2 crimson imps
  An orc priest (D:7)
  A gnoll (D:1)
  4 adders
  2 oozes (D:4)
  A worm (D:2)
  2 giant geckos
  4 orcs (D:7)
  2 giant cockroaches
  5 goblins
  2 hobgoblins
  2 kobolds
  4 quokkas
  A ball python (D:2)
  2 bats (D:1)
  4 giant newts
  A jackal skeleton (D:4)
  A quokka skeleton (D:7)
  5 rats
50 creatures vanquished.

Vanquished Creatures (others)
  A spectral weapon (D:7)
1 creature vanquished.

Grand Total: 51 creatures vanquished

Notes
Turn   | Place    | Note
--------------------------------------------------------------
     0 | D:1      | jacquesderrida the Demonspawn Skald began the quest for the Orb.
     0 | D:1      | Reached XP level 1. HP: 16/16 MP: 3/3
    76 | D:1      | Reached skill level 1 in Armour
    76 | D:1      | Gained mutation: You regenerate a little health from kills. [demonic ancestry]
    76 | D:1      | Reached XP level 2. HP: 17/22 MP: 0/5
   116 | D:1      | Reached skill level 2 in Polearms
   284 | D:2      | Reached XP level 3. HP: 23/27 MP: 0/6
   347 | D:2      | Learned a level 3 spell: Spectral Weapon
   362 | D:3      | Found a deep blue altar of Sif Muna.
   500 | D:3      | Reached skill level 3 in Polearms
   666 | D:4      | Noticed Scarto's ghost (amateur DsBe)
   723 | D:4      | Reached XP level 4. HP: 29/33 MP: 7/7
   887 | D:5      | Entered Level 5 of the Dungeon
  1010 | D:5      | Found Ohilufeb's Book Shop.
  1081 | D:5      | Found a basalt altar of Yredelemnul.
  1142 | D:5      | Reached skill level 1 in Hexes
  1155 | D:5      | Noticed Duvessa
  1267 | D:5      | Found a glowing golden altar of the Shining One.
  1342 | D:6      | Noticed a giant frog
  1350 | D:6      | Killed a giant frog
  1350 | D:6      | Reached skill level 4 in Polearms
  1350 | D:6      | Gained mutation: You are partially covered in slimy green scales (AC +2). [demonic ancestry]
  1350 | D:6      | Reached XP level 5. HP: 29/38 MP: 4/8
  1503 | D:6      | Noticed a water moccasin
  1662 | D:7      | Noticed an ogre
  1662 | D:7      | Noticed a hippogriff
  1744 | D:7      | Gained mutation: You have a pair of small antennae on your head. [demonic ancestry]
  1744 | D:7      | Reached XP level 6. HP: 37/44 MP: 6/9
  1826 | D:7      | Reached skill level 5 in Polearms
  1864 | D:7      | HP: 1/46 [hippogriff (2)]
  1864 | D:7      | Slain by a hippogriff

Skill      XL: |  1  2  3  4  5  6 |
---------------+-------------------+-----
Armour         | 1 |  1.1
Charms         | 3 |  3.0
Polearms       | 2 3 4 5 |  5.0
Hexes          | 2 3 |  3.6
Fighting       | |  2.8
Dodging        | |  0.8
Spellcasting   | |  2.2

Action                   |  1- 3 |  4- 6 || total
-------------------------+-------+-------++-------
Melee: Spear             |   142 |   145 ||   287
 Cast: Infusion          |     4 |     1 ||     5
       Spectral Weapon   |       |     9 ||     9
Evoke: Wand              |       |     1 ||     1
  Use: Potion            |       |     2 ||     2
       Scroll            |       |     7 ||     7
 Stab: Invisible         |       |     4 ||     4
       Distracted        |       |     2 ||     2
  Eat: Chunk             |       |     5 ||     5
Armor: Leather armour    |    29 |    36 ||    65
Dodge: Dodged            |    58 |    68 ||   126
